 Dungeon Crawl Stone Soup version 0.23-a0-890-gc183402 (webtiles) character file.

Game seed: 5861839230165391091

76 tidbits the Charmwright (level 4, 9/38 HPs)
             Began as a Gnoll Skald on Jan 28, 2019.
             Quit the game on level 2 of the Dungeon.
             The game lasted 00:04:21 (337 turns).

tidbits the Charmwright (Gnoll Skald)                Turns: 337, Time: 00:04:22

Health: 9/38       AC:  4    Str: 12 (14) XL:     4   Next: 32%
Magic:  1/11       EV: 13    Int: 15 (16) God:
Gold:   27         SH:  0    Dex: 11 (14) Spells: 2/13 levels left

rFire    . . .     SeeInvis .   a - +0 spear
rCold    . . .     Gourm    .   (no shield)
rNeg     . . .     Faith    .   b - +0 leather armour
rPois    .         Spirit   .   E - +0 helmet
rElec    .         Reflect  .   (no cloak)
rCorr    .         Harm     .   (no gloves)
MR       .....                  (no boots)
Stlth    +.........             (no amulet)
HPRegen  0.12/turn              (no ring)
MPRegen  0.12/turn              (no ring)

@: flying, hasted, very quick
A: distributed training, fangs 1, strong nose
a: no special abilities


You were on level 2 of the Dungeon.
You were not hungry.

You visited 1 branch of the dungeon, and saw 3 of its levels.

You collected 27 gold pieces.

Inventory:

Hand Weapons
 a - a +0 spear (weapon)
Missiles
 e - 15 sling bullets
Armour
 b - a +0 leather armour (worn)
 E - a +0 helmet (worn)
Scrolls
 f - a scroll of blinking {unknown}
 g - a scroll of remove curse {unknown}
 j - 2 scrolls of immolation {!r}
Potions
 c - a potion of degeneration {!q}
Comestibles
 d - 3 rations


   Skills:
 + Level 4.6 Fighting
 + Level 1.1 Short Blades
 + Level 1.1 Long Blades
 + Level 1.1 Axes
 + Level 1.1 Maces & Flails
 + Level 4.6 Polearms
 + Level 1.1 Staves
 + Level 1.1 Slings
 + Level 1.1 Bows
 + Level 1.1 Crossbows
 + Level 1.1 Throwing
 + Level 2.7 Armour
 + Level 4.6 Dodging
 + Level 1.1 Stealth
 + Level 1.1 Shields
 + Level 1.1 Unarmed Combat
 + Level 5.0 Spellcasting
 + Level 0.8 Conjurations
 + Level 0.8 Hexes
 + Level 5.4 Charms
 + Level 0.8 Summonings
 + Level 0.8 Necromancy
 + Level 0.8 Translocations
 + Level 0.8 Transmutations
 + Level 0.8 Fire Magic
 + Level 0.8 Ice Magic
 + Level 0.8 Air Magic
 + Level 0.8 Earth Magic
 + Level 0.8 Poison Magic
 + Level 1.2 Invocations
 + Level 1.1 Evocations


You had 2 spell levels left.
You knew the following spells:

 Your Spells              Type           Power        Failure   Level  Hunger
g - Shroud of Golubria    Chrm/Tloc      ##........   9%          2    ##.....
i - Infusion              Chrm           ###.         2%          1    None
r - Regeneration          Chrm/Necr      ##........   17%         3    ###....
w - Spectral Weapon       Hex/Chrm       ##......     17%         3    ###....
y - Song of Slaying       Chrm           ###.....     3%          2    ##.....

Your spell library contained the following spells:

 Spells                   Type           Power        Failure   Level  Hunger


Dungeon Overview and Level Annotations

Branches:
Dungeon (3/15)

Altars:

Annotations:
D:2 Ijyb


Innate Abilities, Weirdness & Mutations

Your experience applies equally to all skills.
You have very sharp teeth.
Your uncanny sense of smell can sniff out nearby items.


Message History

Found a dagger.
You feel sick.
You feel sick.
There is a stone staircase leading up here.
Found a stone staircase leading up.
Unknown command.
A goblin comes into view.
You feel sick.
The goblin shouts!
You hear an angry hiss.
Unknown command.
Casting: Spectral Weapon (safe; 17% risk of failure)
Confirm with . or Enter, or press ? or * to list all spells.
Your skin crawls.
Unknown command.
You feel sick.
Attack whom?
Press: ? - help, Dir - move target cursor, f - goblin
Aim: a goblin You reach to attack!
You barely miss the goblin.
Attack whom?
Press: ? - help, Dir - move target cursor, f/p - goblin
Aim: a goblin You reach to attack!
You closely miss the goblin. You hit the goblin.
You kill the goblin!
Your skin is crawling a little less now.
A hobgoblin comes into view. It is wielding a +0 club.
Your magical contamination has completely faded away.
An adder comes into view.
You feel sick.
Found 17 arrows.
You see here a goblin corpse.
Unknown command.
The hobgoblin shouts!
You feel sick.
Your skin stops crawling.
There is a stone staircase leading up here.
You climb upwards.
The hobgoblin shouts!
You feel sick.
Found 11 stones and a robe.
There is a stone staircase leading down here.
Unknown command.
Attack whom?
Press: ? - help, Dir - move target cursor, f - hobgoblin
Aim: a hobgoblin You reach to attack!
You hit the hobgoblin.
The hobgoblin is lightly wounded.
A jackal comes into view.
You hit the hobgoblin.
The hobgoblin is moderately wounded.
The hobgoblin closely misses you.
You hit the hobgoblin but do no damage. You bite the hobgoblin.
The hobgoblin is heavily wounded.
A kobold comes into view. It is wielding a -2 whip.
You feel sick.
You are no longer poisoned.
The hobgoblin hits you.
* * * LOW HITPOINT WARNING * * *
Unknown command.
You hit the hobgoblin.
You kill the hobgoblin!
Unknown command.
Casting: Regeneration (safe; 17% risk of failure)
Confirm with . or Enter, or press ? or * to list all spells.
You draw out your weapon's spirit!
The jackal bites you.
* * * LOW HITPOINT WARNING * * *
Unknown command.
You barely miss the jackal.
Your spectral weapon barely misses the jackal.
The jackal closely misses you. x2
You miss the jackal.
Your spectral weapon hits the jackal from afar.
An ogre comes into view. It is wielding a +0 giant club.
The jackal bites you.
* * * LOW HITPOINT WARNING * * *
You barely miss the jackal.
The jackal is moderately wounded.
Your spectral weapon hits the jackal from afar!
You kill the jackal!
Evoke which item? (* to show all) (? for menu, Esc to quit)
Okay, then.
It was a potion of flight.
You feel very buoyant.
You fly up into the air.
It was a potion of haste.
You feel yourself speed up.
A kobold comes into view. It is wielding a -3 dagger.
The kobold shouts!
You hear a shout! x4
Unknown command. 6 goblins and Ijyb come into view.
The goblin shouts! x5
Found 6 gold pieces, a potion of haste and 22 sling bullets.
As you read the scroll labeled UTTISO LIRU, it crumbles to dust.
The creatures around you are filled with an inner flame!
It was a scroll of immolation.
Ijyb shouts!
Unknown command.
Unknown command.
Unknown command.
Are you sure you want to abandon this character and quit the game? (Confirm with "yes".)

.......>$##.# ∆ ∆
............#8(....8
............#...g.g.
.........####8.g.!.8
.........####.g..gg.
.........†..#8g....8
###########.#.......
#(#8.....8
#.@...K...
##.......$ #########


You could see Ijyb (inner flame), 6 goblins, a kobold (inner flame) and a
friendly spectral +0 spear.

Vanquished Creatures
  6 adders
  A giant cockroach (D:3)
  4 goblins
  4 hobgoblins
  A jackal (D:2)
  A kobold (D:1)
  A quokka (D:3)
  2 bats (D:1)
  A frilled lizard (D:3)
21 creatures vanquished.

Notes
Turn   | Place    | Note
-------+----------+-------------------------------------------
     0 | D:1      | tidbits the Gnoll Skald began the quest for the Orb.
     0 | D:1      | Reached XP level 1. HP: 20/20 MP: 6/6
    57 | D:1      | Reached XP level 2. HP: 26/26 MP: 1/7
    61 | D:1      | Learned a level 2 spell: Song of Slaying
    64 | D:1      | Learned a level 2 spell: Shroud of Golubria
   182 | D:3      | Reached skill level 5 in Spellcasting
   182 | D:3      | Reached XP level 3. HP: 31/31 MP: 1/9
   187 | D:3      | Learned a level 3 spell: Regeneration
   191 | D:3      | Learned a level 3 spell: Spectral Weapon
   224 | D:2      | Reached skill level 1 in Invocations
   262 | D:3      | Reached skill level 1 in Short Blades
   262 | D:3      | Reached skill level 1 in Long Blades
   262 | D:3      | Reached skill level 1 in Axes
   262 | D:3      | Reached skill level 1 in Maces & Flails
   262 | D:3      | Reached skill level 1 in Staves
   262 | D:3      | Reached skill level 1 in Slings
   262 | D:3      | Reached skill level 1 in Bows
   262 | D:3      | Reached skill level 1 in Crossbows
   262 | D:3      | Reached skill level 1 in Throwing
   262 | D:3      | Reached skill level 1 in Stealth
   262 | D:3      | Reached skill level 1 in Shields
   262 | D:3      | Reached skill level 1 in Unarmed Combat
   262 | D:3      | Reached skill level 1 in Evocations
   262 | D:3      | Reached XP level 4. HP: 26/38 MP: 1/11
   302 | D:3      | HP: 7/38 [poisoned by an adder]
   329 | D:2      | Noticed an ogre
   335 | D:2      | Noticed Ijyb
   337 | D:2      | Quit the game

Vault maps used:
D:1:      evilmike_arrival_home_sweet_home
D:2:      kennysheep_the_goblin_king
D:3:      first_ration

Skill      XL: |  1  2  3 |
---------------+----------+-----
Spellcasting   | 5 |  5.0
Invocations    | 1 |  1.2
Short Blades   | 1 |  1.1
Long Blades    | 1 |  1.1
Axes           | 1 |  1.1
Maces & Flails | 1 |  1.1
Staves         | 1 |  1.1
Slings         | 1 |  1.1
Bows           | 1 |  1.1
Crossbows      | 1 |  1.1
Throwing       | 1 |  1.1
Stealth        | 1 |  1.1
Shields        | 1 |  1.1
Unarmed Combat | 1 |  1.1
Evocations     | 1 |  1.1
Fighting       | |  4.6
Polearms       | |  4.6
Armour         | |  2.7
Dodging        | |  4.6
Conjurations   | |  0.8
Hexes          | |  0.8
Charms         | |  5.4
Summonings     | |  0.8
Necromancy     | |  0.8
Translocations | |  0.8
Transmutations | |  0.8
Fire Magic     | |  0.8
Ice Magic      | |  0.8
Air Magic      | |  0.8
Earth Magic    | |  0.8
Poison Magic   | |  0.8

Action                   |  1- 3 |  4- 6 || total
-------------------------+-------+-------++-------
Melee: Spear             |    37 |    22 ||    59
       Bite              |     1 |     2 ||     3
 Cast: Infusion          |     5 |       ||     5
       Spectral Weapon   |     2 |     1 ||     3
       Regeneration      |       |     1 ||     1
  Use: Potion            |       |     3 ||     3
       Scroll            |       |     1 ||     1
 Stab: Sleeping          |     1 |       ||     1
Armor: Leather armour    |     4 |       ||     4
Dodge: Dodged            |    24 |    10 ||    34

Table legend:
 A = Non-vault XP
 B = Vault XP
 C = Vault XP percentage of total XP
 D = Non-vault monster count
 E = Vault monster count
 F = Vault count percentage of total count
                 A         B        C        D         E       F
            +---------+---------+-------+---------+---------+-------
      Total |     109 |       0 |   0.0 |      21 |       0 |   0.0
            +---------+---------+-------+---------+---------+-------
        D:1 |      14 |       0 |   0.0 |       8 |       0 |   0.0
        D:2 |      20 |       0 |   0.0 |       4 |       0 |   0.0
        D:3 |      75 |       0 |   0.0 |       9 |       0 |   0.0
            +---------+---------+-------+---------+---------+-------

Table legend:
 A = Turns spent in this place as a percentage of turns spent in the entire game.
 B = Non-inter-level travel turns spent in this place as a percentage of non-inter-level travel turns spent in the entire game.
 C = Inter-level travel turns spent in this place as a percentage of turns spent in this place.
 D = Turns resting spent in this place as a percentage of non-inter-level travel turns spent in this place.
 E = Turns spent auto-exploring this place as a percentage of non-inter-level travel turns spent in this place.
 F = Non-inter-level travel turns spent in this place divided by the number of levels of this place that you've seen.
                   A       B       C       D       E      F
               +-------+-------+-------+-------+-------+----------------------
         Total | 100.0 | 100.0 |   0.0 |   0.0 |   0.0 | 112.3
       Dungeon | 100.0 | 100.0 |   0.0 |   0.0 |   0.0 | 112.3
               +-------+-------+-------+-------+-------+----------------------

Table legend:
 A = Kills in this place as a percentage of kills in entire the game.
 B = Kills by you in this place as a percentage of kills by you in the entire game.
 C = Kills by friends in this place as a percentage of kills by friends in the entire game.
 D = Other kills in this place as a percentage of other kills in the entire game.
 E = Experience gained in this place as a percentage of experience gained in the entire game.
 F = Experience gained in this place divided by the number of levels of this place that you have seen.
                   A       B       C       D       E      F
               +-------+-------+-------+-------+-------+----------------------
         Total | 100.0 | 100.0 |   N/A |   N/A | 100.0 |  36.3
       Dungeon | 100.0 | 100.0 |   N/A |   N/A | 100.0 |  36.3
               +-------+-------+-------+-------+-------+----------------------

Vault maps used:
D:1:      evilmike_arrival_home_sweet_home
D:2:      kennysheep_the_goblin_king
D:3:      first_ration
